 Dungeon Crawl Stone Soup version 0.21-a0-110-g8e1637b (webtiles) character file.

827 Gorice the Purveyor of Pain (level 7, -4/46 HPs)
             Began as a Demonspawn Necromancer on July 6, 2017.
             Was an Initiate of Kikubaaqudgha.
             Slain by a slave (8 damage)
             ... led by Pikel
             ... while paralysed by Pikel
             ... on level 4 of the Dungeon on July 7, 2017.
             The game lasted 00:34:09 (7695 turns).

Gorice the Purveyor of Pain (DsNe)                  Turns: 7695, Time: 00:34:10

Health: -4/46      AC:  5    Str:  8    XL:     7   Next: 64%
Magic:  11/14      EV:  2    Int: 18    God:    Kikubaaqudgha [......]
Gold:   289        SH:  0    Dex: 14    Spells: 2/15 levels left

rFire    . . .     SeeInvis .   a - +2 dagger (venom)
rCold    + . .     Gourm    .   (no shield)
rNeg     . . .     Faith    .   o - +0 robe
rPois    .         Spirit   .   x - +2 hat
rElec    .         Reflect  .   A - +0 cloak
rCorr    .         Harm     .   (no gloves)
MR       .....                  (no boots)
Stlth    ++........             (no amulet)
HPRegen  0.15/turn              (no ring)
MPRegen  0.14/turn              (no ring)

@: paralysed
A: cold resistance 1, freezing cloud immunity
a: Renounce Religion


You were on level 4 of the Dungeon.
You worshipped Kikubaaqudgha.
Kikubaaqudgha was noncommittal.
You were very hungry.

You visited 2 branches of the dungeon, and saw 6 of its levels.

You collected 289 gold pieces.

Inventory:

Hand Weapons
 a - a +2 dagger of venom (weapon)
   (You took it off a kobold on level 2 of the Dungeon)
 f - a +0 dagger
 g - a +0 short sword
 k - a +0 war axe
 s - a +0 hunting sling
Missiles
 l - 56 sling bullets
 n - 3 poisoned tomahawks (quivered)
 Z - 275 stones
Armour
 o - a +0 robe (worn)
 q - a +0 ring mail
 x - a +2 hat (worn)
 y - a +0 helmet
 A - a +0 cloak (worn)
Potions
 d - a potion of mutation {unknown}
 e - 3 potions of agility {!q}
 h - a potion of heal wounds {!q}
 i - 3 potions of lignification {!q}
 j - a potion of brilliance {unknown}
 m - 2 potions of magic {!q}
 p - a potion of curing
 r - a potion of flight {unknown}
 u - a potion of haste {unknown}
Books
 b - a book of Necromancy
Comestibles
 c - 4 bread rations {!e}
 t - 9 fruits
 w - 3 meat rations {!e}
 z - a royal jelly


   Skills:
 - Level 1.7 Dodging
 - Level 1.7 Stealth
 + Level 4.9 Spellcasting
 * Level 8.9 Necromancy


You had 2 spell levels left.
You knew the following spells:

 Your Spells              Type           Power        Failure   Level  Hunger
a - Pain                  Necr           ####         1%          1    None
b - Animate Skeleton      Necr           N/A          1%          1    None
c - Vampiric Draining     Necr           #####.....   1%          3    ###....
d - Animate Dead          Necr           N/A          3%          4    ####...
e - Control Undead        Necr           #####.....   3%          4    ####...


Dungeon Overview and Level Annotations

Branches:
Dungeon (5/15)             Temple (1/1) D:4

Altars:
Ashenzari
Cheibriados
Dithmenos
Elyvilon
Fedhas
Gozag
Hepliaklqana
Kikubaaqudgha
Makhleb
Nemelex Xobeh
Okawaru
Qazlal
Ru
Sif Muna
Trog
Uskayaw
Vehumet
Wu Jian
Xom
Yredelemnul
The Shining One

Annotations:
D:4 Alarkh's ghost, amateur DsMo; Pikel
D:5 tilp's ghost, novice HOFE


Innate Abilities, Weirdness & Mutations

Your flesh is cold resistant. (rC+)
You are immune to freezing clouds.


Message History

Guard this area!
Unknown command.
Unknown command.
Unknown command.
You swap places.
There is a stone staircase leading down, spattered with blood here.
You start resting.
Magic restored.
You start resting.
You climb downwards.
Level annotation: Pikel; tilp's ghost, novice HOFE The slave hits you but does no damage.
There is a stone staircase leading up, spattered with blood here.
Unknown command.
Pikel barely misses you. The slave closely misses you.
The slave barely misses you.
You climb upwards.
Level annotation: Alarkh's ghost, amateur DsMo
There is a stone staircase leading down, spattered with blood here.
Unknown command.
Unknown command.
Unknown command.
Casting: Control Undead
Confirm with . or Enter, or press ? or * to list all spells.
Alarkh's ghost submits to your will.
You are feeling very hungry.
The slave barely misses you. Pikel hits you with a whip of freezing.
The slave hits you.
Damage: 8 (max 8)
The slave hits Alarkh's ghost.
Pikel zaps a wand.
You suddenly lose the ability to move!
Alarkh's ghost hits Pikel.
The slave hits you.
* * * LOW HITPOINT WARNING * * *
The slave hits Alarkh's ghost.
Alarkh's ghost hits Pikel!
The slave hits you.
* * * LOW HITPOINT WARNING * * *
Pikel zaps a wand.
You shrug off the repeated paralysis!
The slave hits Alarkh's ghost.
Alarkh's ghost barely misses the slave.
The slave hits you!
* * * LOW HITPOINT WARNING * * *
Pikel hits you with a whip of freezing.
* * * LOW HITPOINT WARNING * * *
Pikel freezes you.
* * * LOW HITPOINT WARNING * * *
The slave barely misses Alarkh's ghost.
Alarkh's ghost completely misses the slave.
The slave hits you!
You die...
Kikubaaqudgha rasps: "You have failed me!
Welcome... death!"

.....# ##......................<.
########............##.###.......
#≈≈.≈≈##.........................
#≈.#.≈##............###.##.......
§§#⌠#.'.............###..#.......
#§§#§§#....................######
#≈≈.§≈#....................#
#######....................#
...###.)........@p)........######
...#............KW...............
..##..........<..p...............
.................................
####.............................
####.......##....................
........................[........
...#.......#.....................
......######...........####..####


You could see Pikel, 2 slaves and the friendly Alarkh's ghost.

Vanquished Creatures
  An ogre (D:4)
  A vampire bat (D:3)
  A hound (D:4)
  5 orc wizards
  3 orc priests
  5 worker ants (D:4)
  A gnoll (D:1)
  8 adders
  2 worms
  3 dart slugs
  3 fire bats
  4 leopard geckos
  18 orcs
  2 spectral bats (D:3)
  3 ball pythons
  18 bats
  3 bat skeletons (D:3)
  A bat zombie (D:3)
  5 giant cockroaches
  16 goblins
  15 hobgoblins
  6 jackals
  5 quokkas
  A bat simulacrum (D:3)
  6 frilled lizards
  A jackal skeleton (D:5)
  10 kobolds
  A leopard gecko skeleton (D:4)
  10 rats
158 creatures vanquished.

Vanquished Creatures (collateral kills)
  A slave (D:4)
  A crimson imp (D:5)
  An adder (D:4)
  An orc (D:4)
  2 hobgoblins (D:4)
6 creatures vanquished.

Grand Total: 164 creatures vanquished

Notes
Turn   | Place    | Note
-------+----------+-------------------------------------------
     0 | D:1      | Gorice the Demonspawn Necromancer began the quest for the Orb.
     0 | D:1      | Reached XP level 1. HP: 13/13 MP: 3/3
   202 | D:1      | Learned a level 1 spell: Animate Skeleton
   389 | D:1      | Gained mutation: Your flesh is cold resistant. (rC+) [demonic ancestry]
   389 | D:1      | Reached XP level 2. HP: 16/19 MP: 1/5
   817 | D:1      | Reached skill level 5 in Necromancy
   842 | D:1      | Reached XP level 3. HP: 19/24 MP: 0/6
   921 | D:1      | Learned a level 3 spell: Vampiric Draining
  1654 | D:2      | Reached XP level 4. HP: 28/30 MP: 4/8
  1730 | D:2      | Reached skill level 3 in Spellcasting
  2354 | D:2      | Reached skill level 6 in Necromancy
  2354 | D:2      | Gained mutation: You are immune to freezing clouds. [demonic ancestry]
  2354 | D:2      | Reached XP level 5. HP: 21/35 MP: 4/9
  2823 | D:2      | Learned a level 4 spell: Animate Dead
  3671 | D:3      | HP: 10/35 [fire bat (5)]
  3671 | D:3      | HP: 4/35 [fire bat (1)]
  3859 | D:3      | Reached XP level 6. HP: 38/41 MP: 7/11
  4081 | D:3      | Reached skill level 7 in Necromancy
  4356 | D:3      | Reached skill level 4 in Spellcasting
  4605 | D:3      | Learned a level 4 spell: Control Undead
  4836 | D:4      | Noticed Alarkh's ghost (amateur DsMo)
  4988 | D:4      | Upgraded the game from 0.21-a0-104-g7b58145 to 0.21-a0-110-g8e1637b
  5196 | D:4      | Reached XP level 7. HP: 43/46 MP: 11/13
  5460 | D:4      | Reached skill level 8 in Necromancy
  6143 | D:4      | Found a staircase to the Ecumenical Temple.
  6148 | Temple   | Entered the Ecumenical Temple
  6400 | Temple   | Became a worshipper of Kikubaaqudgha
  6579 | D:5      | Entered Level 5 of the Dungeon
  6594 | D:5      | HP: 13/46 [something (4)]
  6634 | D:4      | HP: 12/46 [orc wizard/dagger (3)]
  6636 | D:4      | HP: 5/46 [orc wizard/dagger (5)]
  7016 | D:4      | HP: 12/46 [orc (2)]
  7383 | D:5      | Noticed tilp's ghost (novice HOFE)
  7408 | D:5      | Noticed Pikel
  7426 | D:5      | HP: 11/46 [worker ant (6)]
  7432 | D:4      | HP: 12/46 [worker ant (3)]
  7437 | D:4      | HP: 7/46 [worker ant (1)]
  7443 | D:4      | HP: 3/46 [slave[Pikel] (4)]
  7514 | D:4      | HP: 7/46 [slave[Pikel] (8)]
  7690 | D:4      | Paralysed by Pikel for 6 turns
  7694 | D:4      | HP: 8/46 [slave[Pikel] (10)]
  7695 | D:4      | Slain by a slave

Vault maps used:
D:1:      elethiomel_arrival_diamonds
D:2:      first_bread
D:3:      kennysheep_big_flooded_room, goddamned_bats
D:4:      corexii_shack_village, minmay_temple_entry_statues_pillars,
          kennysheep_generic_room_13
D:5:      uniq_duvessa, uniq_pikel, uniq_grinder
Temple:   roderic_octagonal_lattice_temple

Skill      XL: |  1  2  3  4  5  6  7 |
---------------+----------------------+-----
Necromancy     | 5 6 7 8 |  8.9
Spellcasting   | 3 4 |  4.9
Dodging        | |  1.7
Stealth        | |  1.7

Action                   |  1- 3 |  4- 6 |  7- 9 || total
-------------------------+-------+-------+-------++-------
Melee: Unarmed           |     7 |       |       ||     7
       Dagger            |       |   123 |    97 ||   220
 Cast: Pain              |    74 |   118 |    38 ||   230
       Animate Skeleton  |     2 |       |       ||     2
       Vampiric Draining |       |     4 |     7 ||    11
       Control Undead    |       |       |    20 ||    20
  Use: Scroll            |       |     6 |     2 ||     8
       Potion            |       |     1 |     3 ||     4
  Eat: Chunk             |     3 |    11 |     7 ||    21
       Royal jelly       |       |       |     2 ||     2
Armor: Robe              |     5 |    94 |    38 ||   137
Dodge: Dodged            |    11 |   218 |   102 ||   331

Table legend:
 A = Turns spent in this place as a percentage of turns spent in the entire game.
 B = Non-inter-level travel turns spent in this place as a percentage of non-inter-level travel turns spent in the entire game.
 C = Inter-level travel turns spent in this place as a percentage of turns spent in this place.
 D = Turns resting spent in this place as a percentage of non-inter-level travel turns spent in this place.
 E = Turns spent auto-exploring this place as a percentage of non-inter-level travel turns spent in this place.
 F = Non-inter-level travel turns spent in this place divided by the number of levels of this place that you've seen.
                   A       B       C       D       E      F
               +-------+-------+-------+-------+-------+----------------------
         Total | 100.0 | 100.0 |   0.8 |   5.9 |   5.7 | 392.7
       Dungeon |  98.7 |  98.8 |   0.8 |   5.9 |   4.7 | 465.4
        Temple |   1.3 |   1.2 |   6.5 |   0.0 |  86.2 |  29.0
               +-------+-------+-------+-------+-------+----------------------

Vault maps used:
D:1:      elethiomel_arrival_diamonds
D:2:      first_bread
D:3:      kennysheep_big_flooded_room, goddamned_bats
D:4:      corexii_shack_village, minmay_temple_entry_statues_pillars,
          kennysheep_generic_room_13
D:5:      uniq_duvessa, uniq_pikel, uniq_grinder
Temple:   roderic_octagonal_lattice_temple
